 Dungeon Sprint DCSS version 0.29-a0-857-g9b1aa3ac5b (webtiles) character file.

Game seed: 8552445623354064719

240 manyhoops the Grappler (level 5, -7/62 HPs)
             Began as a Troll Berserker on July 17, 2022.
             Was a Believer of Trog.
             Mangled by a neqoxec (11 damage)
             ... while paralysed
             ... in the Dungeon (Sprint II: "The Violet Keep of Menkaure").
             The game lasted 00:00:25 (49 turns).

manyhoops the Grappler (Troll Berserker)              Turns: 49, Time: 00:00:25

Health: -7/62      AC:  4    Str: 27    XL:     5   Next: 80%
Magic:  4/4        EV:  1    Int: -6 (-1) God:    Trog [**....]
Gold:   243        SH:  0    Dex:  9    Spells: 4/4 levels left

rFire   . . .      SeeInvis .     - Unarmed
rCold   . . .      Faith    .   (no shield)
rNeg    . . .      Spirit   .   a - +0 animal skin
rPois   .          Reflect  .   (helmet restricted)
rElec   .          Harm     .   (no cloak)
rCorr   .          Rampage  .   (gloves unavailable)
Will    .....      Rage     3%  (boots unavailable)
Stlth   +......... NoTele   +   (no amulet)
HPRegen 1.00/turn               (no ring)
MPRegen 0.09/turn               (no ring)

@: paralysed, on berserk cooldown, slowed, lost intelligence, unable to read
A: large, unfitting armour, claws 3, regeneration 1, shaggy fur 1, tough skin 1,
berserk 1, dopey 2, screaming 1
a: Renounce Religion, Berserk, Trog's Hand


You were in the Dungeon.
You worshipped Trog.
Trog was pleased with you.
You visited 1 branch You collected 243 gold pieces.

Inventory:

Armour
 a - a +0 animal skin (worn)
Scrolls
 g - a scroll of blinking
Potions
 b - a potion of curing
 c - a potion of heal wounds
 d - a potion of haste
 e - 2 potions of magic
 f - a potion of berserk rage


   Skills:
 + Level 7.6 Fighting
 - Level 2.4 Dodging
 + Level 9.1 Unarmed Combat


You had 4 spell levels left.
You didn't know any spells.
Your spell library was empty.

Dungeon Overview and Level Annotations

Branches:
Dungeon (1/1)

Altars:


Innate Abilities, Weirdness & Mutations

You are too large for most types of armour.
You have claws for hands.
Your natural rate of healing is unusually fast.
You are covered in fur. (AC +1)
You have tough skin. (AC +1)
You sometimes lose your temper in combat.
You are very dopey. (Int -4)
You occasionally shout uncontrollably at your foes.


Message History

Strange energies course through your body.
You feel stupid.
Found 243 gold pieces.
You're still recovering from your berserk rage.
The neqoxec hits you! x2; The neqoxec hits you.
There is an open door, spattered with blood here.
You mangle the neqoxec!!
The neqoxec is severely wounded.
The neqoxec barely misses you. The neqoxec gestures at you.
Something tries to feed on your intellect!
You scratch the neqoxec.
The neqoxec is almost dead.
The neqoxec gestures at you.
Something tries to feed on your intellect!
The neqoxec gestures at you.
Strange energies course through your body.
You feel stupid.
You have lost your intelligence.
The neqoxec hits you! The neqoxec gestures at you.
Strange energies course through your body.
You feel the urge to shout. The neqoxec hits you! The neqoxec hits you.
The neqoxec completely misses you. The neqoxec gestures at you.
Strange energies course through your body.
You feel a little pissed off. The neqoxec gestures at you.
You feel dopey. Something feeds on your intellect! The neqoxec gestures at you.
You feel dopey. Something feeds on your intellect! The neqoxec hits you!
* * * LOW HITPOINT WARNING * * *
The neqoxec hits you!
* * * LOW HITPOINT WARNING * * *
The neqoxec hits you!
You die...

#+#
###.###
#..#..#
##.#†####
##'###3#
##.##3#
+.<.@3#
##.##3.#
#+# #.#
##


You could see 4 neqoxecs.

Vanquished Creatures
  4 scorpions (D)
4 creatures vanquished.

Vanquished Creatures (others)
  Menkaure (D)
  A water moccasin (D)
2 creatures vanquished.

Grand Total: 6 creatures vanquished

Notes
Turn   | Place    | Note
-------+----------+-------------------------------------------
     0 | D        | manyhoops the Troll Berserker began the quest for the Orb.
     0 | D        | Reached XP level 1. HP: 22/22 MP: 0/0
     1 | D        | Noticed a scorpion
     1 | D        | Noticed a scorpion
     1 | D        | Noticed a scorpion
     1 | D        | Noticed a scorpion
     9 | D        | Killed a scorpion
    10 | D        | Reached skill level 5 in Fighting
    10 | D        | Reached skill level 6 in Unarmed Combat
    10 | D        | Reached XP level 2. HP: 35/35 MP: 1/1
    10 | D        | Reached XP level 3. HP: 42/42 MP: 2/2
    10 | D        | Killed Menkaure
    13 | D        | Killed a scorpion
    14 | D        | Reached skill level 7 in Unarmed Combat
    14 | D        | Reached XP level 4. HP: 52/52 MP: 3/3
    14 | D        | Killed a scorpion
    14 | D        | Reached ** piety under Trog
    15 | D        | Reached skill level 8 in Unarmed Combat
    15 | D        | Reached XP level 5. HP: 62/62 MP: 4/4
    16 | D        | Reached skill level 9 in Unarmed Combat
    37 | D        | Killed a water moccasin
    43 | D        | Noticed a neqoxec
    43 | D        | Noticed a neqoxec
    43 | D        | Noticed a neqoxec
    43 | D        | Noticed a neqoxec
    43 | D        | Gained mutation: You are dopey. (Int -2) [a neqoxec]
    46 | D        | Lost intelligence.
    46 | D        | Gained mutation: You are very dopey. (Int -4) [a neqoxec]
    47 | D        | Gained mutation: You occasionally shout uncontrollably at
                  | your foes. [a neqoxec]
    48 | D        | Gained mutation: You sometimes lose your temper in combat.
                  | [a neqoxec]
    49 | D        | Mangled by a neqoxec

Illustrated notes

Levels and vault maps discovered:
D:        the_violet_keep_of_menkaure [sprint2_stairs_cluster_1,
          sprint2_shoproom, sprint2_temple, sprint2_basic_supplies,
          sprint2_obstacle_4, sprint2_obstacle_5, sprint2_obstacle_3,
          sprint2_obstacle_7, sprint2_obstacle_1, sprint2_timed_cluster_1,
          sprint2_smallroom_cluster_1, sprint2_smallroom_final_cluster_1,
          sprint2_transparent_cluster_1, sprint2_second_timed_cluster_1,
          sprint2_sniper_area_1, sprint2_heavy_combat_area_1,
          sprint2_mutation_trap_area_1, sprint2_forest_area_1,
          sprint2_light_combat_area_1, sprint2_behind_water_1,
          sprint2_near_end_vault_1]

Skill      XL: |  1  2  3  4  5 |
---------------+----------------+-----
Fighting       | 5 6 7 |  7.6
Unarmed Combat | 6 7 8 9 |  9.1
Dodging        | |  2.4

Action                   |  1- 3 |  4- 6 || total
-------------------------+-------+-------++-------
Melee: Unarmed           |     9 |     4 ||    13
       Punch             |     1 |     1 ||     2
Invok: Berserk           |     1 |       ||     1
Dodge: Dodged            |     7 |     2 ||     9

Table legend: (Time is in decaauts)
 A = Elapsed time spent in this place.
 B = Non-inter-level travel time spent in this place.
 C = Inter-level travel time spent in this place.
 D = Time resting spent in this place.
 E = Time spent auto-exploring this place.
 F = Levels seen in this place.
 G = Mean time per level.
                   A        B        C        D        E       F      G
               +--------+--------+--------+--------+--------+-----+--------+
         Total |     55 |     55 |      0 |      0 |      1 |   1 |   55.0 |
       Dungeon |     55 |     55 |      0 |      0 |      1 |   1 |   55.0 |
               +--------+--------+--------+--------+--------+-----+--------+

Top non-repeatable levels by time:
       D: 55 daAuts
